 Dungeon Crawl Stone Soup version 0.31-a0-1005-gfbdfbac (webtiles) character file.

Game seed: 16522764393853199130

326 Partyfoot the Trooper (level 6, 0/48 HPs)
             Began as a Demonspawn Fighter on Nov 11, 2023.
             Was a Follower of Wu Jian.
             Slain by a gnoll
             ... wielding a +0 whip
             ... led by a gnoll bouda
              (7 damage)
             ... on level 4 of the Dungeon.
             The game lasted 00:09:07 (2609 turns).

Partyfoot the Trooper (Demonspawn Fighter)          Turns: 2609, Time: 00:09:07

Health: 0/48       AC: 17    Str: 16    XL:     6   Next: 24%
Magic:  6/6        EV:  7    Int: 10    God:    Wu Jian [*.....]
Gold:   106        SH: 10    Dex: 17    Spells: 3/5 levels left

rFire   . . .        o - +1 dagger (venom)
rCold   . . .        c - +0 buckler
rNeg    . . .        n - +6 chain mail of Slovenliness {Contam Dex+3}
rPois   .            (no helmet)
rElec   .            (no cloak)
rCorr   .            (no gloves)
SInv    .            (no boots)
Will    .....        k - amulet of reflection Stlth
                     (no ring)
HPRegen 0.28/turn    (no ring)
MPRegen 0.20/turn

%: reflection
@: no status effects
A: claws 1, thin metallic scales 1, magic regeneration, demonic magic 1
a: Renounce Religion


You were on level 4 of the Dungeon.
You worshipped Wu Jian.
Wu Jian was aware of your devotion.
You visited 1 branch of the dungeon, and saw 4 of its levels.

You collected 145 gold pieces.
You spent 39 gold pieces at shops.

Inventory:

Hand Weapons
 o - a +1 dagger of venom (weapon)
Missiles
 g - 5 curare-tipped darts
Armour
 b - a +0 scale mail
 c - a +0 buckler (worn)
 n - the +6 chain mail of Slovenliness (worn) {Contam Dex+3}
   (You found it on level 2 of the Dungeon)

   Dex+3:     It affects your dexterity (+3).
   Contam:    It causes magical contamination when unequipped.
Jewellery
 i - a ring of ice
 k - an amulet of reflection (around neck)
Scrolls
 f - a scroll of blinking {unknown}
 h - a scroll of enchant weapon {unknown}
 m - 5 scrolls of identify {unknown}
 p - a scroll of teleportation {unknown}
 q - a scroll of butterflies {unknown}
 r - a scroll of torment {unknown}
 s - a scroll of brand weapon {unknown}
Potions
 a - a potion of haste {unknown}
 d - a potion of might
 e - 2 potions of mutation {unknown}
 j - a potion of attraction {unknown}
 l - 2 potions of curing


   Skills:
 + Level 4.2 Fighting
 - Level 2.0 Polearms
 - Level 3.2 Armour
 + Level 3.9 Shields
 * Level 3.5 Unarmed Combat


You had 3 spell levels left.
You knew the following spells:

 Your Spells              Type           Power      Damage    Failure   Level
a - Lesser Beckoning      Tloc           0%         N/A       100%        2

Your spell library contained the following spells:

 Spells                   Type           Power      Damage    Failure   Level
 Summon Small Mammal      Summ           0%         N/A       99%         1
 Sublimation of Blood     Necr           0%         N/A       100%        2
 Wereblood                Tmut           0%         N/A       100%        2
 Call Canine Familiar     Summ           0%         N/A       100%        3
 Gell's Gravitas          Tloc           0%         N/A       100%        3
 Sigil of Binding         Hex            0%         N/A       100%        3
 Summon Guardian Golem    Hex/Summ       0%         N/A       100%        3
 Teleport Other           Tloc           0%         N/A       100%        3
 Tukima's Dance           Hex            0%         N/A       100%        3
 Dimensional Bullseye     Hex/Tloc       0%         N/A       100%        4
 Leda's Liquefaction      Hex/Erth       0%         N/A       100%        4
 Passage of Golubria      Tloc           0%         N/A       100%        4
 Yara's Violent Unravell  Hex/Tmut       0%         3d3       100%        5
 Summon Hydra             Summ           0%         N/A       100%        7


Dungeon Overview and Level Annotations

Branches:
Dungeon (4/15)
 Temple: D:4-7

Altars:
Ashenzari
Cheibriados
Okawaru
Wu Jian

Shops:
D:1 (   D:2 *


Innate Abilities, Weirdness & Mutations

You have sharp fingernails.
You are partially covered in thin metallic scales. (AC +2)
You regenerate magic rapidly.
Spells you cast may paralyse adjacent enemies.


Message History

The gnoll is no longer moving quickly.
The gnoll hits you but does no damage. The gnoll hits you with a +0 whip.
The gnoll bouda hits you but does no damage.
You hit the gnoll.
The gnoll is poisoned.
The gnoll is heavily wounded.
The gnoll hits you but does no damage. The gnoll hits you with a +0 whip.
The gnoll bouda calls upon its god to heal the gnoll.
The gnoll is healed somewhat.
You block the gnoll's attack.
You hit the gnoll.
The gnoll looks as sick as possible!
The gnoll is moderately wounded.
You block the gnoll's attack.
The gnoll bouda calls upon its god to heal the gnoll.
The gnoll's wounds heal themselves!
The gnoll hits you but does no damage. x2
You block the gnoll's attack.
You barely miss the gnoll. You block the gnoll's attack.
You closely miss the gnoll. You hit the gnoll.
The gnoll looks as sick as possible!
The gnoll is heavily wounded.
Your attacks no longer feel as feeble.
The gnoll is no longer moving quickly.
The gnoll hits you but does no damage.
The gnoll bouda barks out a call to the hunt!
The gnolls pick up the pace!
The gnoll hits you but does no damage.
You hit the gnoll.
The gnoll looks as sick as possible!
The gnoll is severely wounded.
You kill the gnoll!
The Council accepts your kill.
You can now lightly attack monsters by moving around them.
The gnoll hits you but does no damage. You block the gnoll's attack.
You block the gnoll bouda's attack. The gnoll hits you but does no damage.
You block the gnoll's attack. The gnoll attacks as it pursues you!
The gnoll hits you but does no damage. x2
The gnoll hits you with a +0 spear!
* * * LOW HITPOINT WARNING * * *
You block the gnoll's attack.
You barely miss the gnoll.
The gnoll bouda hits you from afar with a +0 trident.
* * * LOW HITPOINT WARNING * * *
The gnoll barely misses you. The gnoll hits you with a +0 whip!
You die...

######### ###.#.#.#.##
#..........# ######
#.#@......## #....#
##ggg....)..# #....###
#gg#.......##
#......###.#....>....#
####.......##.##.......##
#....##.##..#.#).)......#
g.g)g.#.#......#.#[#.#.#..
#...#.g...#......###.....
#..g##...##..##### #####


You could see a gnoll bouda and 4 gnolls.

Vanquished Creatures
  An iron imp (D:4)
  An orc priest (D:3)
  Terence (D:2)
  An iguana (D:4)
  3 orc wizards
  4 gnolls (D:4)
  An adder (D:4)
  A worm (D:3)
  A dart slug (D:3)
  7 orcs
  5 ball pythons
  2 bats (D:1)
  8 endoplasms
  3 giant cockroaches
  4 goblins
  11 hobgoblins
  3 jackals (D:1)
  9 kobolds
  7 quokkas
  4 frilled lizards
  7 rats
84 creatures vanquished.

Notes
Turn   | Place    | Note
-------+----------+-------------------------------------------
     0 | D:1      | Partyfoot the Demonspawn Fighter began the quest for the
                  | Orb.
     0 | D:1      | Reached XP level 1. HP: 18/18 MP: 1/1
    67 | D:1      | Found Ahinefo's Weapon Shoppe.
    77 | D:1      | Gained mutation: You have sharp fingernails. [demonic
                  | ancestry]
    77 | D:1      | Reached XP level 2. HP: 24/24 MP: 2/2
   301 | D:1      | Reached skill level 1 in Unarmed Combat
   301 | D:1      | Gained mutation: You regenerate magic rapidly. [demonic
                  | ancestry]
   301 | D:1      | Reached XP level 3. HP: 16/29 MP: 3/3
   697 | D:2      | Found Naanyt's General Store.
   699 | D:2      | Noticed Terence
   724 | D:2      | Killed Terence
   834 | D:2      | Bought a potion of curing for 39 gold pieces
   938 | D:2      | Identified the +6 chain mail of Slovenliness {Contam Dex+3}
  1204 | D:2      | Gained mutation: You are partially covered in thin metallic
                  | scales. (AC +2) [demonic ancestry]
  1204 | D:2      | Reached XP level 4. HP: 35/35 MP: 4/4
  1590 | D:3      | Learned a level 2 spell: Lesser Beckoning
  1904 | D:3      | Reached XP level 5. HP: 34/42 MP: 5/5
  1966 | D:3      | Found an ornate altar of the Wu Jian Council.
  1976 | D:3      | Became a worshipper of the Wu Jian Council
  2163 | D:4      | Found a snail-covered altar of Cheibriados.
  2262 | D:4      | Reached skill level 4 in Fighting
  2332 | D:4      | Found an iron altar of Okawaru.
  2493 | D:4      | Found a broken altar of Ashenzari.
  2527 | D:4      | Gained mutation: Spells you cast may paralyse adjacent
                  | enemies. [demonic ancestry]
  2527 | D:4      | Reached XP level 6. HP: 44/48 MP: 6/6
  2606 | D:4      | Reached * piety under Wu Jian
  2609 | D:4      | Slain by a gnoll

Illustrated notes

Levels and vault maps discovered:
D:1:      enne_arrival_octagon_isle, layout_rooms, serial_shops,
          nicolae_shop_bloodbath_and_beyond, minmay_misc_feat_square
D:2:      layout_basic, serial_shops, nicolae_shop_stone, uniq_terence
D:3:      layout_loops_cross, lemuel_crystal_altar
D:4:      layout_basic, okawaru_altar_gauntlet_db,
          mainiacjoe_overflow_small_starburst, slow_altar_2,
          minmay_temple_entry_metal_lava, st_stairs_4, roderic_roman_lattice,
          uniq_edmund, uniq_menkaure, uniq_duvessa

Skill      XL: |  1  2  3  4  5 |
---------------+----------------+-----
Polearms       | 2 |  2.0
Armour         | 3 |  3.2
Shields        | 3 |  3.9
Unarmed Combat | 1 2 3 |  3.5
Fighting       | 4 |  4.2

Action                     |  1- 3 |  4- 6 || total
---------------------------+-------+-------++-------
  Melee: Trident           |    21 |       ||    21
         Unarmed           |   143 |    20 ||   163
         Dagger            |       |   153 ||   153
Ability: Lunge             |       |     5 ||     5
 Armour: Scale mail        |    63 |       ||    63
         Robe              |    19 |       ||    19
         Chain mail        |     3 |   109 ||   112
  Dodge: Dodged            |    62 |    42 ||   104
  Block: Buckler           |    58 |    76 ||   134
         Reflection        |     3 |     2 ||     5

Table legend: (Time is in decaauts)
 A = Elapsed time spent in this place.
 B = Non-inter-level travel time spent in this place.
 C = Inter-level travel time spent in this place.
 D = Time resting spent in this place.
 E = Time spent auto-exploring this place.
 F = Levels seen in this place.
 G = Mean time per level.
                   A        B        C        D        E       F      G
               +--------+--------+--------+--------+--------+-----+--------+
         Total |   2625 |   2558 |     67 |    175 |   1749 |   4 |  656.2 |
       Dungeon |   2625 |   2558 |     67 |    175 |   1749 |   4 |  656.2 |
               +--------+--------+--------+--------+--------+-----+--------+

Top non-repeatable levels by time:
     D:2: 823 daAuts
     D:3: 674 daAuts
     D:1: 647 daAuts
     D:4: 479 daAuts
